 Dungeon Crawl Stone Soup version 0.19-a0-1037-g36c65c9 (webtiles) character file.

58 penismuncher the Shield-Bearer (level 4, -3/28 HPs)
             Began as an Octopode Wanderer on July 29, 2016.
             Was a Follower of the Shining One.
             Slain by a phantom (5 damage)
             ... on level 3 of the Dungeon.
             The game lasted 00:03:08 (2006 turns).

penismuncher the Shield-Bearer (Octopode Wanderer)  Turns: 2006, Time: 00:03:09

Health: -3/28      AC:  1    Str: 11    XL:     4   Next: 1%
Magic:  5/5        EV:  9    Int: 15    God:    the Shining One [*.....]
Gold:   65         SH:  8    Dex: 11    Spells: 0 memorised, 5 levels left

rFire  . . .     SeeInvis .       - Unarmed
rCold  . . .     Gourm    .     a - +0 shield
rNeg   + . .     Faith    .     (helmet restricted)
rPois  .         Spirit   .     (no amulet)
rElec  .         Dismiss  .     d - ring of positive energy
rCorr  .         Reflect  .     (no ring)
SustAt .         Harm     .     (no ring)
MR     .....                    (no ring)
Stlth  +.........               (no ring)
                                (no ring)
                                (no ring)
                                (no ring)

@: glowing, not resistant to hostile enchantments, very unstealthy
A: almost no armour, amphibious, 8 rings, constrict 8, camouflage 1, gelatinous
body 1
a: Renounce Religion


You were on level 3 of the Dungeon.
You worshipped the Shining One.
The Shining One was aware of your devotion.
You were very hungry.

You visited 1 branch of the dungeon, and saw 3 of its levels.

You collected 65 gold pieces.

Inventory:

Missiles
 e - 8 curare-tipped needles
Armour
 a - a +0 shield (worn)
Jewellery
 d - a ring of positive energy (left tentacle)
Wands
 k - a wand of flame (17/48)
Scrolls
 g - 3 scrolls of identify {unknown}
 j - a scroll of teleportation {unknown}
Potions
 h - a potion of cure mutation {unknown}
 i - a potion of experience {unknown}
Books
 b - Vehumet's Grimoire of Conjuration

   Spells                             Type                      Level
   a - Magic Dart                     Conjuration                  1
   b - Mephitic Cloud                 Conjuration/Poison/Air       3
 c - the Guide on Ice

   Spells                             Type                      Level
   a - Throw Frost                    Conjuration/Ice              2
   b - Ensorcelled Hibernation        Hexes/Ice                    2
Comestibles
 f - 3 bread rations


   Skills:
 - Level 1.0 Fighting
   Level 2.0 Crossbows
 * Level 3.4 Shields
 * Level 1.0 Unarmed Combat
 - Level 1.0 Spellcasting
   Level 3.0 Summonings
   Level 1.0 Ice Magic
 - Level 1.1 Evocations


You had 5 spell levels left.
You didn't know any spells.

Dungeon Overview and Level Annotations

Branches:
Dungeon (3/15)

Altars:
The Shining One


Innate Abilities, Weirdness & Mutations

You cannot wear most types of armour.
You are amphibious.
You can wear up to eight rings at the same time.
You can use your tentacles to constrict eight enemies at once.
Your skin changes colour to match your surroundings (Stealth+).
Your rubbery body absorbs attacks. (AC +1)


Message History

The phantom is lightly damaged.
The phantom hits you.
* * * LOW HITPOINT WARNING * * *
Evoke which item? (* to show all) (? for menu, Esc to quit)
Zapping:
k - a wand of flame (will waste charges)
Press: ? - help, Shift-Dir - straight line, f - phantom
Aim: a phantom (lightly damaged, haloed)
The puff of flame misses the phantom.
Evoking this partially-identified wand wasted a few charges.
Your skill with magical items lets you calculate the power of this device...
This wand has 18 charges left.
The phantom hits you.
* * * LOW HITPOINT WARNING * * *
Evoke which item? (* to show all) (? for menu, Esc to quit)
Zapping:
k - a wand of flame (18/48)
Press: ? - help, Shift-Dir - straight line, f/p - phantom
Aim: a phantom (lightly damaged, haloed)
The puff of flame hits the phantom.
The phantom is moderately damaged.
This wand has 17 charges left.
The phantom hits you.
You die...

#..# #....###
#.## #.. ....
#.# #.. ...#
#.#
###########.#
#..# #.#
#........##.#
#).# #.#
#.######.##.#
#..# #.# #.#
#.##.###..#
#.# #W#
#.........#
#.####@#
###########
#......#
########


You could see a phantom.

Vanquished Creatures
  An adder (D:2)
  2 worms (D:2)
  A giant gecko (D:2)
  2 giant cockroaches (D:1)
  5 hobgoblins
  3 jackals (D:1)
  4 kobolds
  2 quokkas (D:2)
  A ball python (D:2)
  5 bats
  2 giant newts (D:1)
  5 goblins
  6 rats
39 creatures vanquished.

Notes
Turn   | Place    | Note
-------+----------+-------------------------------------------
     0 | D:1      | penismuncher the Octopode Wanderer began the quest for the Orb.
     0 | D:1      | penismuncher set off with: a +0 shield, Vehumet's Grimoire of Conjuration, the Guide on Ice, a +0 club, a bread ration
     0 | D:1      | Reached XP level 1. HP: 13/13 MP: 2/2
   127 | D:1      | Reached XP level 2. HP: 14/18 MP: 3/3
  1087 | D:2      | Reached XP level 3. HP: 18/23 MP: 4/4
  1126 | D:2      | Found a faded altar of an unknown god.
  1156 | D:2      | Became a worshipper of the Shining One
  1156 | D:2      | Reached * piety under the Shining One
  1877 | D:3      | Reached skill level 1 in Unarmed Combat
  1966 | D:3      | Noticed a phantom
  1976 | D:3      | Reached XP level 4. HP: 28/28 MP: 5/5
  2006 | D:3      | Slain by a phantom

Vault maps used:
D:1:      sevenhm_arrival_forest_fort_large_2
D:2:      ecumenical_altar_1
D:3:      elyvilon_altar_1, first_bread, kennysheep_big_empty_room, st_stairs_5

Skill      XL: |  1  2  3 |
---------------+----------+-----
Shields        | 2 3 |  3.4
Unarmed Combat | 1 |  1.0
Fighting       | |  1.0
Crossbows      | |  2.0
Spellcasting   | |  1.0
Summonings     | |  3.0
Ice Magic      | |  1.0
Evocations     | |  1.1

Action                   |  1- 3 |  4- 6 || total
-------------------------+-------+-------++-------
Melee: Unarmed           |   109 |     9 ||   118
       Constrict         |    36 |       ||    36
       Tentacles         |    13 |       ||    13
Evoke: Wand              |       |     2 ||     2
  Eat: Chunk             |     2 |       ||     2
Armor: Skin              |    10 |       ||    10
Dodge: Dodged            |    26 |     4 ||    30
Block: Shield            |    35 |       ||    35
